 Dungeon Sprint DCSS version 0.16-a0-4127-g24fbb24 (webtiles) character file.

356 McCoppin the Nimble (level 6, -1/88 HPs)
             Began as a Troll Monk on Mar 2, 2015.
             Slain by Sonja
             ... wielding a +0 short sword of venom
              (2 damage)
             ... in the Dungeon (Sprint I: "Red Sonja").
             The game lasted 00:02:42 (191 turns).

McCoppin the Nimble (Troll Monk)                     Turns: 191, Time: 00:02:42

Health: -1/88      AC:  5    Str: 27    XL:     6   Next: 36%
Magic:  3/3        EV: 15    Int:  6    God:
Gold:   297        SH:  0    Dex: 12    Spells: 0 memorised, 5 levels left

rFire  . . .     SeeInvis .       - Unarmed
rCold  . . .     Clarity  .     a - +0 robe
rNeg   . . .     SustAb   .     (shield restricted)
rPois  .         Gourm    +     (helmet restricted)
rElec  .         Spirit   .     (no cloak)
rCorr  .         Warding  .     (gloves unavailable)
rMut   .         NoTele   +     (boots unavailable)
MR     .....                    (no amulet)
Stlth  ..........               (no ring)
                                (no ring)

@: berserking, lethally poisoned (-1 -> -44), short of breath, slowed, not
resistant to hostile enchantments, extremely unstealthy
A: unfitting armour, claws 3, fast metabolism 3, gourmand, regeneration 2,
shaggy fur 1, tough skin 2
a: no special abilities


You were in the Dungeon.
You were not hungry.

You visited 1 branch You collected 297 gold pieces.

Inventory:

Armour
 a - a +0 robe (worn)
Scrolls
 h - a scroll of blinking
Potions
 d - a potion of restore abilities {unknown}
 e - a potion of haste
 f - 2 potions of magic
Comestibles
 b - 2 meat rations
 i - a chunk of flesh


   Skills:
 - Level 2.4 Fighting
 + Level 11.5 Dodging
 - Level 1.1 Stealth
 - Level 4.0 Unarmed Combat


You had 5 spell levels left.
You didn't know any spells.

Dungeon Overview and Level Annotations

Branches:
Dungeon (1/1)

Altars:
Elyvilon
Gozag
Kikubaaqudgha
Makhleb
Nemelex Xobeh
Okawaru
Qazlal
Ru
Sif Muna
Trog
Vehumet
Xom
Yredelemnul
Zin
The Shining One

Shops:
D !

Annotations:
D Sonja


Innate Abilities, Weirdness & Mutations

You are too large for most types of armour.
You have claws for hands.
Your metabolism is lightning-fast.
You like to eat raw meat.
You heal very quickly.
You are covered in fur (AC +1).
You have very tough skin (AC +2).


Message History

* * * LOW HITPOINT WARNING * * *
Sonja twirls her cape.
Sonja hits you with an uncursed short sword of venom.
* * * LOW HITPOINT WARNING * * *
You are more poisoned.
Sonja barely misses you.
Sonja hits you with an uncursed short sword of venom.
* * * LOW HITPOINT WARNING * * *
You are more poisoned.
Drink which item? (? for menu, Esc to quit)
A red film seems to cover your vision as you go berserk!
You feel yourself moving faster!
You feel mighty!
* * * LOW HITPOINT WARNING * * *
You feel extremely sick.
Sonja is no longer bleeding.
Sonja hits you but does no damage. Sonja hits you but does no damage.
You are more poisoned.
Sonja completely misses you.
Sonja hits you with an uncursed short sword of venom.
You die...

#..#####'#####'#
#..####..#...#?#
#..#__####.§##)#
#..#_..__##'#..+
#⌠⌠#_.∩...'..._#
####_..._##_.#+#
#_____###'#
#########K##


+@($+ #(.$# ##(## #+# You could see Sonja.

Vanquished Creatures
  A yak (D)
  An ogre (D)
  Sigmund (D)
  A jelly (D)
  Ijyb (D)
5 creatures vanquished.

Notes
Turn   | Place    | Note
--------------------------------------------------------------
     0 | D        | McCoppin, the Troll Monk, began the quest for the Orb.
     0 | D        | Reached XP level 1. HP: 22/22 MP: 1/1
     1 | D        | Noticed Ijyb
     9 | D        | Killed Ijyb
     9 | D        | Reached XP level 2. HP: 27/29 MP: 1/1
    12 | D        | Noticed an ogre
    19 | D        | Killed an ogre
    19 | D        | Reached skill level 8 in Dodging
    19 | D        | Reached XP level 3. HP: 7/36 MP: 2/2
    19 | D        | Reached XP level 4. HP: 8/44 MP: 2/2
    95 | D        | Noticed Sigmund
   105 | D        | Killed Sigmund
   105 | D        | Reached skill level 9 in Dodging
   105 | D        | Reached XP level 5. HP: 37/50 MP: 2/2
   138 | D        | Found a deep blue altar of Sif Muna.
   139 | D        | Noticed a jelly
   140 | D        | Found a radiant altar of Vehumet.
   142 | D        | Killed a jelly
   142 | D        | Reached skill level 10 in Dodging
   146 | D        | Found Twiekhlie's Distillery.
   146 | D        | Found a white marble altar of Elyvilon.
   146 | D        | Found a burning altar of Makhleb.
   146 | D        | Found a sacrificial altar of Ru.
   146 | D        | Found a glowing golden altar of the Shining One.
   146 | D        | Found an opulent altar of Gozag.
   146 | D        | Found a glowing silver altar of Zin.
   146 | D        | Noticed a yak
   152 | D        | Killed a yak
   152 | D        | Reached skill level 11 in Dodging
   152 | D        | Reached XP level 6. HP: 49/59 MP: 3/3
   153 | D        | Found a stormy altar of Qazlal.
   153 | D        | Found a basalt altar of Yredelemnul.
   153 | D        | Found an iron altar of Okawaru.
   153 | D        | Found a sparkling altar of Nemelex Xobeh.
   153 | D        | Found a shimmering altar of Xom.
   153 | D        | Found an ancient bone altar of Kikubaaqudgha.
   156 | D        | Found a bloodstained altar of Trog.
   182 | D        | Noticed Sonja
   191 | D        | HP: 1/88 [poisoned by Sonja]
   191 | D        | Slain by Sonja

Action                   |  1- 3 |  4- 6 || total
-------------------------+-------+-------++-------
Melee: Unarmed           |    12 |    18 ||    30
  Use: Potion            |     1 |     2 ||     3
 Stab: Sleeping          |       |     1 ||     1
  Eat: Chunk             |       |     1 ||     1
